 Dungeon Crawl Stone Soup version 0.31.0-12-g77e489cdc1 (webtiles) character file.

Game seed: 14740270654353399471

43 sking99 the Ruffian (level 3, -5/33 HPs)
             Began as a Ghoul Monk on Feb 29, 2024.
             Killed by divine providence
             ... invoked by an orc priest
              (12 damage)
             ... on level 4 of the Dungeon.
             The game lasted 00:01:54 (1270 turns).

sking99 the Ruffian (Ghoul Monk)                    Turns: 1270, Time: 00:01:55

Health: -5/33      AC:  8    Str: 16    XL:     3   Next: 58%
Magic:  3/3        EV: 11    Int:  9    God:
Gold:   63         SH:  0    Dex: 11    Spells: 2/2 levels left

rFire   . .          .
                       - Unarmed
rCold   + . .        c - orb {light}
rNeg    + + +        f - +0 ring mail
rPois   ∞            (no helmet)
rElec   .            (no cloak)
rCorr   .            (no gloves)
SInv    .            g - +2 pair of boots
Will    .....        (no amulet) Stlth
                     (no ring)
HPRegen 0.00/turn    (no ring)
MPRegen 0.08/turn

%: no passive effects
@: inhibited regen, glowing
A: claws 1, cold resistance 1, negative energy resistance 3, inhibited
regeneration, torment resistance 2, devour on kill
a: no special abilities


You were on level 4 of the Dungeon.
You visited 1 branch of the dungeon, and saw 3 of its levels.

You collected 63 gold pieces.

Inventory:

Armour
 c - an orb of light (worn)
 f - a +0 ring mail (worn)
 g - a +2 pair of boots (worn)
Scrolls
 d - 3 scrolls of enchant weapon
Potions
 b - a potion of ambrosia


   Skills:
 + Level 3.7 Fighting
 + Level 3.1 Dodging
 * Level 4.2 Unarmed Combat


You had 2 spell levels left.
You didn't know any spells.
Your spell library contained the following spells:

 Spells                   Type           Power      Damage    Failure   Level
 Summon Ice Beast         Ice/Summ       0%         N/A       93%         3
 Summon Mana Viper        Hex/Summ       0%         N/A       100%        5
 Monstrous Menagerie      Summ           0%         N/A       100%        7


Dungeon Overview and Level Annotations

Branches:
Dungeon (2/15)

Altars:


Innate Abilities, Weirdness & Mutations

You are immune to poison.
You have sharp fingernails.
Your flesh is cold resistant. (rC+)
You are immune to negative energy. (rN+++)
You do not regenerate when monsters are visible.
You are immune to unholy pain and torment.
You thrive by killing the living.


Message History

You kill the orc!
The orc hits you with a +0 hand axe.
Things that are here:
a +0 short sword; an orc corpse You scratch the orc but do no damage.
The orc closely misses you.
You scratch the orc.
The orc is severely wounded.
The orc barely misses you.
You scratch the orc.
The orc is almost dead.
The orc hits you with a +0 hand axe.
You scratch the orc.
You kill the orc!
HP restored.
The orc priest looks braver for a moment.
The orc priest invokes the aid of Beogh against you.
Beogh smites you!
Things that are here:
a +0 short sword; an orc corpse The orc priest closely misses you.
Things that are here:
a +0 hand axe; a +3 scale mail You claw the orc priest!
The orc priest is severely wounded.
You scratch the scorpion.
The scorpion is moderately wounded.
The scorpion stings you.
You scratch the scorpion.
The scorpion is heavily wounded.
The scorpion stings you.
You scratch the scorpion but do no damage.
The scorpion is heavily wounded.
The scorpion stings you but does no damage.
You scratch the scorpion.
The scorpion is severely wounded.
The scorpion stings you.
* * * LOW HITPOINT WARNING * * *
The orc priest calls down the wrath of Beogh upon you.
Beogh smites you!
You die...

####....#.# ######.# #.#
#.# #.# #.# # #.#
...####################.#
.so....)......os@)......#
#.#######################


You could see a scorpion and an orc priest.

Vanquished Creatures
  A dart slug (D:1)
  4 orcs (D:4)
  4 ball pythons
  6 endoplasms
  A giant cockroach (D:2)
  2 goblins
  4 hobgoblins
  4 kobolds
  A quokka (D:2)
  2 bats (D:1)
  2 rats
31 creatures vanquished.

Notes
Turn   | Place    | Note
-------+----------+-------------------------------------------
     0 | D:1      | sking99 the Ghoul Monk began the quest for the Orb.
     0 | D:1      | Reached XP level 1. HP: 19/19 MP: 1/1
   203 | D:1      | Reached XP level 2. HP: 26/26 MP: 2/2
  1045 | D:2      | Reached skill level 4 in Unarmed Combat
  1045 | D:2      | Reached XP level 3. HP: 31/31 MP: 3/3
  1178 | D:2      | You fall into a shaft and drop 2 floors!
  1217 | D:4      | Noticed a scorpion
  1270 | D:4      | Killed from afar by an orc priest

Illustrated notes

Levels and vault maps discovered:
D:1:      dpeg_arrival_more_subterranean_lakeside_camping, layout_loops_corners
D:2:      layout_loops_cross, uniq_natasha
D:4:      layout_basic, cheibrodos_ashenzari_chains, nicolae_take_the_stairs,
          chequers_big_river

Skill      XL: |  1  2 |
---------------+-------+-----
Dodging        | 3 |  3.1
Unarmed Combat | 4 |  4.2
Fighting       | |  3.7

Action                     || total
---------------------------++-------
  Melee: Unarmed           ||    83
    Use: Scroll            ||     4
 Armour: Robe              ||     7
         Ring mail         ||    34
  Dodge: Dodged            ||    33
